 Dungeon Crawl Stone Soup version 0.20-a0-830-g2c9a30d (webtiles) character file.

78 Duffy the Chopper (level 4, -2/42 HPs)
             Began as a Naga Fighter on Mar 6, 2017.
             Killed by nerve-wracking pain
             ... invoked by an orc priest
              (11 damage)
             ... on level 3 of the Dungeon.
             The game lasted 00:01:17 (1534 turns).

Duffy the Chopper (Naga Fighter)                    Turns: 1534, Time: 00:01:18

Health: -2/42      AC:  7    Str: 19    XL:     4   Next: 36%
Magic:  4/4        EV:  3    Int:  9    God:
Gold:   25         SH:  9    Dex: 10    Spells: 3/3 levels left

rFire    . . .     SeeInvis +   a - +0 war axe
rCold    . . .     Gourm    .   h - +0 chain mail
rNeg     . . .     Faith    .   c - +0 shield
rPois    +         Spirit   .   (no helmet)
rElec    .         Reflect  .   (no cloak)
rCorr    .         Harm     .   i - +0 pair of gloves
MR       .....                  (no barding)
Stlth    ..........             (no amulet)
Regen    0.2/turn               (no ring)
MPRegen  0.1/turn               (no ring)

@: very slow
A: see invisible, deformed body, poison resistance, slowness 2, slow metabolism
1, spit poison 1, AC +1
a: Spit Poison


You were on level 3 of the Dungeon.
You were not hungry.

You visited 1 branch of the dungeon, and saw 3 of its levels.

You collected 25 gold pieces.

Inventory:

Hand Weapons
 a - a +0 war axe (weapon)
Armour
 c - a +0 shield (worn)
 h - a +0 chain mail (worn)
 i - a +0 pair of gloves (worn)
Scrolls
 e - a scroll of immolation {unknown}
 j - a scroll of enchant weapon {unknown}
 k - a scroll of fear {unknown}
 l - a scroll of amnesia {unknown}
 m - a scroll of teleportation {unknown}
Potions
 d - a potion of might
 n - a potion of brilliance {unknown}
Comestibles
 b - 6 chunks of flesh
 f - a bread ration
 g - 3 meat rations


   Skills:
 - Level 3.0 Fighting
 + Level 3.6 Axes
 - Level 2.4 Armour
 + Level 3.2 Shields


You had 3 spell levels left.
You didn't know any spells.

Dungeon Overview and Level Annotations

Branches:
Dungeon (3/15)

Altars:


Innate Abilities, Weirdness & Mutations

You cannot wear boots.
Your serpentine skin is tough. (AC +1)
You have supernaturally acute eyesight. (SInv)
Armour fits poorly on your strangely shaped body.
Your system is resistant to poisons. (rPois)
You cover ground very slowly.
You have a slow metabolism.
You can spit poison.


Message History

You are too injured to fight recklessly!
You are too injured to fight recklessly!
You are too injured to fight recklessly!
You are too injured to fight recklessly!
You are too injured to fight recklessly!
You are too injured to fight recklessly!
You are too injured to fight recklessly!
You are too injured to fight recklessly!
You slash the orc priest!
The orc priest is severely wounded.
You hit the orc.
You kill the orc!
The orc priest completely misses you.
The orc priest hits you but does no damage.
You hit the orc priest but do no damage.
The orc priest is severely wounded.
Your chain mail prevents you from hitting the orc priest.
The orc priest calls down the wrath of Beogh upon you.
Pain shoots through your body!
You die...

#.........#.#
#...........#
#.....###.#####
##.............
#...####.#####
#........#+##
##..###.....#
####...##.!.o.##.#
+..........@o..?.#
######..##.###.....
##.##... ...
#..#.### . ##.#.#
...# .... #..#


You could see 2 orc priests.

Vanquished Creatures
  2 adders
  2 oozes
  2 dart slugs (D:1)
  An orc (D:3)
  A giant cockroach (D:1)
  5 goblins (D:1)
  8 hobgoblins (D:1)
  7 jackals
  7 bats
  2 frilled lizards (D:1)
  3 kobolds (D:1)
  4 rats
44 creatures vanquished.

Notes
Turn   | Place    | Note
-------+----------+-------------------------------------------
     0 | D:1      | Duffy the Naga Fighter began the quest for the Orb.
     0 | D:1      | Reached XP level 1. HP: 21/21 MP: 1/1
   215 | D:1      | Reached XP level 2. HP: 23/28 MP: 2/2
   480 | D:1      | Reached XP level 3. HP: 9/34 MP: 3/3
  1431 | D:2      | Reached XP level 4. HP: 42/42 MP: 4/4
  1534 | D:3      | Killed from afar by an orc priest

Vault maps used:
D:1:      roderic_octagonal_star, serial_forest, infiniplex_forest_clump_medium,
          infiniplex_forest_clump_C, infiniplex_forest_clump_medium,
          infiniplex_forest_lined_room_2, infiniplex_forest_zigzag_2
D:2:      overflow_temple_1_default
D:3:      amethyst_overflow_temple_binary, first_bread

Skill      XL: |  1  2  3 |
---------------+----------+-----
Axes           | 3 |  3.6
Shields        | 3 |  3.2
Fighting       | |  3.0
Armour         | |  2.4

Action                   |  1- 3 |  4- 6 || total
-------------------------+-------+-------++-------
Melee: War axe           |   103 |    37 ||   140
 Abil: Spit Poison       |     2 |       ||     2
  Eat: Chunk             |     1 |       ||     1
Armor: Scale mail        |    21 |       ||    21
       Chain mail        |    81 |    23 ||   104
Dodge: Dodged            |    20 |     8 ||    28
Block: Shield            |    71 |    22 ||    93
